 Dungeon Crawl Stone Soup version 0.23.2-1-ga50397a (webtiles) character file.

Game seed: 345897487602770634

70 funkygono the Shield-Bearer (level 4, -13/28 HPs)
             Began as a Gargoyle Fighter on May 8, 2019.
             Killed by divine providence
             ... invoked by an orc priest
              (14 damage)
             ... on level 3 of the Dungeon.
             The game lasted 00:02:50 (984 turns).

funkygono the Shield-Bearer (Gargoyle Fighter)       Turns: 984, Time: 00:02:50

Health: -13/28     AC: 10    Str: 21    XL:     4   Next: 21%
Magic:  4/4        EV:  7    Int:  8    God:
Gold:   40         SH:  9    Dex:  9    Spells: 3/3 levels left

rFire    . . .     SeeInvis .   a - +0 flail
rCold    . . .     Gourm    .   c - +0 shield
rNeg     + . .     Faith    .   b - +0 scale mail
rPois    ∞         Spirit   .   (no helmet)
rElec    +         Reflect  .   (no cloak)
rCorr    .         Harm     .   (no gloves)
MR       .....                  (no boots)
Stlth    ..........             (no amulet)
HPRegen  0.09/turn              i - ring of wizardry
MPRegen  0.09/turn              (no ring)

@: no status effects
A: negative energy resistance 1, electricity resistance, unbreathing,
petrification resistance, rot immunity, AC +3
a: no special abilities


You were on level 3 of the Dungeon.
You were hungry.

You visited 1 branch of the dungeon, and saw 3 of its levels.

You collected 40 gold pieces.

Inventory:

Hand Weapons
 a - a +0 flail (weapon)
Missiles
 k - a stone (quivered)
Armour
 b - a +0 scale mail (worn)
 c - a +0 shield (worn)
Jewellery
 i - a ring of wizardry (left hand)
Wands
 h - a wand of random effects (20)
Scrolls
 j - a scroll of identify
Potions
 d - 2 potions of might
 e - a potion of haste
Comestibles
 f - a ration
 g - 3 chunks of flesh


   Skills:
 + Level 3.4 Fighting
 + Level 2.8 Maces & Flails
 + Level 3.9 Armour
 + Level 0.2 Dodging
 + Level 0.2 Stealth
 + Level 4.2 Shields


You had 3 spell levels left.
You didn't know any spells.
Your spell library was empty.

Dungeon Overview and Level Annotations

Branches:
Dungeon (2/15)

Altars:


Innate Abilities, Weirdness & Mutations

You are resistant to torment.
Your stone body is resilient. (AC +3)
You are immune to poison.
You resist negative energy. (rN+)
You are resistant to electric shocks. (rElec)
You can survive without breathing.
You are immune to petrification.
You are immune to rotting.


Message History

The leopard gecko bites you but does no damage.
There is an open door here.
You are feeling hungry.
The orc priest calls down the wrath of Beogh upon you.
Pain shoots through your body!
* * * LOW HITPOINT WARNING * * *
The jackal barely misses you. You block the leopard gecko's attack.
Your shield and scale mail prevent you from hitting the orc priest.
You block the jackal's attack. You block the leopard gecko's attack.
The jackal barely misses you. The orc priest closely misses you.
You hit the orc priest.
The orc priest is moderately wounded.
You hear the slow rusting of a distant drain.
You block the leopard gecko's attack.
The jackal bites you but does no damage.
You block the rat's attack.
The orc priest calls down the wrath of Beogh upon you.
Beogh smites you!
Ouch! That really hurt!
You die...

...............#
...........o..o########
............g.hh.h....#
o.............h###h##..#
...........#.#.# #'#
..o.......##.#.# #.##
###K#.#####.s#####hh##
......####...SSrhl...##
###K###.'...⌠..o@o⌠...+
#S....##.....K..$..##
#####..##..#####..##
##..##.# #.## ##..#.#
#+# ##...# #####


You could see an orc priest, 2 adders, an orc, a leopard gecko, 3 jackals, a
giant cockroach, a kobold and a rat.

Vanquished Creatures
  Jessica (D:2)
  An adder (D:2)
  An ooze (D:1)
  4 bats (D:1)
  2 giant cockroaches (D:1)
  4 goblins
  2 hobgoblins (D:1)
  3 jackals (D:2)
  A frilled lizard (D:1)
  4 kobolds (D:1)
  6 rats (D:1)
29 creatures vanquished.

Notes
Turn   | Place    | Note
-------+----------+-------------------------------------------
     0 | D:1      | funkygono the Gargoyle Fighter began the quest for the Orb.
     0 | D:1      | Reached XP level 1. HP: 14/14 MP: 1/1
   182 | D:1      | Reached XP level 2. HP: 19/19 MP: 2/2
   472 | D:1      | Reached XP level 3. HP: 23/23 MP: 3/3
   736 | D:2      | Reached skill level 4 in Shields
   740 | D:2      | Noticed Jessica
   755 | D:2      | Killed Jessica
   755 | D:2      | Reached XP level 4. HP: 16/28 MP: 4/4
   934 | D:2      | You fall through a shaft!
   965 | D:3      | HP: 1/28 [leopard gecko (3)]
   981 | D:3      | HP: 1/28 [orc priest/nerve-wracking pain (1)]
   984 | D:3      | Killed from afar by an orc priest

Skill      XL: |  1  2  3 |
---------------+----------+-----
Shields        | 4 |  4.2
Fighting       | |  3.4
Maces & Flails | |  2.8
Armour         | |  3.9
Dodging        | |  0.2
Stealth        | |  0.2

Action                   |  1- 3 |  4- 6 || total
-------------------------+-------+-------++-------
Melee: Flail             |    98 |    18 ||   116
  Use: Scroll            |     2 |       ||     2
Armor: Scale mail        |    32 |    21 ||    53
Dodge: Dodged            |    25 |    11 ||    36
Block: Shield            |    53 |    21 ||    74
